 Dungeon Crawl Stone Soup version 0.31.0-9-g3a7656b989 (webtiles) character file.

Game seed: 15894851928531485581

11373 Fv001 the Cleaver (level 11, 0/83 HPs)
             Began as a Demonspawn Fighter on Feb 2, 2024.
             Was a Believer of Qazlal.
             Succumbed to a killer bee's poison
             ... on level 10 of the Dungeon.
             The game lasted 00:25:06 (11069 turns).

Fv001 the Cleaver (Demonspawn Fighter)             Turns: 11069, Time: 00:25:07

Health: 0/83       AC: 16    Str: 16    XL:     11   Next: 48%
Magic:  9/18       EV:  5    Int: 11    God:    Qazlal [**....]
Gold:   267        SH: 20    Dex: 15    Spells: 10/10 levels left

rFire   . . .        a - +1 broad axe (vamp)
rCold   + . .        c - +0 buckler
rNeg    . . .        x - +0 plate armour
rPois   .            (no helmet)
rElec   .            A - +0 cloak
rCorr   .            l - +1 pair of gloves
SInv    .            (boots unavailable)
Will    .....        y - amulet of reflection Stlth
                     H - ring of protection from cold
HPRegen 0.33/turn    M - +4 ring of slaying
MPRegen 0.16/turn

%: reflection
@: lethally poisoned (0 -> -9)
A: hooves 3, large bone plates 2, ignite blood 1, demonic magic 1
a: Renounce Religion, Upheaval


You were on level 10 of the Dungeon.
You worshipped Qazlal.
Qazlal was pleased with you.
You visited 3 branches of the dungeon, and saw 12 of its levels.
You also visited: Sewer.

You collected 533 gold pieces.
You spent 266 gold pieces at shops.

Inventory:

Hand Weapons
 a - a +1 vampiric broad axe (weapon)
 b - a +0 flail
 K - a +0 morningstar
Missiles
 j - a throwing net (quivered)
Armour
 c - a +0 buckler (worn)
 l - a +1 pair of gloves (worn)
 x - a +0 plate armour (worn)
 A - a +0 cloak (worn)
 J - a +1 chain mail of positive energy
Jewellery
 f - a ring of ice
 m - a ring of positive energy
 o - a ring of resist corrosion
 y - an amulet of reflection (around neck)
 H - a ring of protection from cold (left hand)
 M - a +4 ring of slaying (right hand)
Wands
 r - a wand of flame (69)
 v - a wand of charming (17)
Scrolls
 h - 2 scrolls of teleportation
 q - a scroll of noise
 s - a scroll of brand weapon {unknown}
 t - 2 scrolls of fog {unknown}
 u - a scroll of immolation {unknown}
 B - a scroll of poison {unknown}
 C - 2 scrolls of butterflies {unknown}
 D - a scroll of enchant armour {unknown}
 E - a scroll of torment {unknown}
 F - a scroll of fear
 I - a scroll of amnesia {unknown}
 N - a scroll of blinking
Potions
 d - a potion of might
 e - 3 potions of brilliance
 g - 2 potions of enlightenment {unknown}
 i - a potion of lignification {unknown}
 k - 2 potions of attraction
 n - 3 potions of curing
 p - 6 potions of haste {unknown}
 w - 2 potions of mutation {unknown}
 z - a potion of berserk rage {unknown}
 G - 3 potions of degeneration {unknown}


   Skills:
 + Level 6.9 Fighting
 + Level 10.3 Axes
 + Level 6.6 Armour
 + Level 1.3 Dodging
 - Level 1.1 Stealth
 + Level 8.2 Shields
 * Level 9.9 Invocations
 + Level 0.8 Evocations


You had 10 spell levels left.
You didn't know any spells.
Your spell library contained the following spells:

 Spells                   Type           Power      Damage    Failure   Level
 Apportation              Tloc           0%         N/A       100%        1
 Necrotise                Necr           0%         1d4       100%        1
 Sandblast                Erth           0%         2d4       100%        1
 Sting                    Conj/Alch      0%         1d3       100%        1
 Summon Small Mammal      Summ           0%         N/A       100%        1
 Jinxbite                 Hex            0%         N/A       100%        2
 Scorch                   Fire           0%         2d5       100%        2
 Passwall                 Erth           0%         N/A       100%        3
 Stone Arrow              Conj/Erth      0%         3d7       100%        3
 Brom's Barrelling Bould  Conj/Erth      0%         2d3       100%        4
 Flame Wave               Conj/Fire      0%         2d4       100%        4
 Alistair's Intoxication  Alch           0%         N/A       100%        5
 Summon Cactus Giant      Summ           0%         N/A       100%        6


Dungeon Overview and Level Annotations

Branches:
Dungeon (10/15)            Temple (1/1) D:4            Lair (1/5) D:8
  Sewer (visited)
    Orc: D:9-12

Altars:
Ashenzari
Cheibriados
Dithmenos
Fedhas
Gozag
Hepliaklqana
Kikubaaqudgha
Makhleb
Nemelex Xobeh
Okawaru
Qazlal
Ru
Sif Muna
Trog
Uskayaw
Vehumet
Wu Jian
Xom
Yredelemnul

Shops:
D:3 (

Annotations:
Lair:1 Amaemon


Innate Abilities, Weirdness & Mutations

You have hooves in place of feet.
You are mostly covered in large bone plates. (SH +6)
Your demonic aura sometimes causes spilled blood to erupt in flames.
Spells you cast may paralyse adjacent enemies.


Message History

The ground shakes violently, spewing rubble!
The blast of rubble hits the boulder beetle but does no damage.
The boulder beetle is almost dead.
You feel sick. You block the killer bee's attack. x2
The killer bee stings you. The killer bee barely misses you.
The killer bee stings you but does no damage. x2
The killer bee stings you.
The killer bee stings you but does no damage.
Unknown command.
Aiming: Upheaval
Press: ? - help, Dir - move target, f/p - boulder beetle
Aim: a boulder beetle (almost dead, rolling)
A storm cloud blasts the area with cutting wind!
The cutting wind hits the boulder beetle.
The boulder beetle is almost dead.
You feel sick. You block the killer bee's attack. x2
The killer bee stings you but does no damage.
The killer bee closely misses you.
The killer bee stings you but does no damage.
The killer bee stings you! The killer bee stings you.
You are more poisoned.
The killer bee poisons you!
The killer bee stings you but does no damage.
Aiming: Upheaval
Press: ? - help, Dir - move target, f/p - boulder beetle
Aim: a boulder beetle (almost dead, rolling) Magma suddenly erupts from the ground!
The blast of magma engulfs the boulder beetle.
The boulder beetle is almost dead.
You feel sick. You block the killer bee's attack.
The killer bee stings you but does no damage.
You block the killer bee's attack.
The killer bee stings you but does no damage. x5
The boulder beetle hits you!!!
* * * LOW HITPOINT WARNING * * *
The boulder beetle stops rolling and uncurls.
As you read the scroll labelled NUIHO ODARYDD, it crumbles to dust.
You hear a loud clanging noise!
It was a scroll of noise.
You die...

#.....).#
#.......#
#....$..#
#.......######
#...........°.
#....<........
#≈°.....######
#.B†....#
#.@y....#
#yyy....#
#.......#
#.......#
#.......#
#.......#
#.........
#.........


You could see a boulder beetle and 4 killer bees.

Vanquished Creatures
  Erica (D:9)
  3 two-headed ogres
  2 cyclopes
  An ugly thing (D:8)
  An unseen horror (D:8)
  2 komodo dragons (D:8)
  A troll (D:8)
  A hornet (D:10)
  A wraith (D:8)
  2 yaks (D:8)
  3 wyverns
  A steam dragon (D:7)
  Grum (D:8)
  2 vampire mosquitoes
  Edmund (D:5)
  2 acid dragons
  Duvessa (D:5)
  5 water moccasins
  2 orc warriors
  6 ice beasts
  2 black bears
  2 wolves (D:8)
  5 centaurs
  Blork the orc (D:5)
  3 kobold brigands
  8 bullfrogs
  A gnoll sergeant (D:6)
  2 scorpions
  3 wights (D:8)
  Dowan (D:5)
  7 killer bees
  8 howler monkeys
  6 hounds
  3 jellies
  4 orc priests
  A gnoll bouda (D:3)
  A sleepcap (D:8)
  5 iguanas
  10 orc wizards
  15 gnolls
  7 adders
  7 river rats
  A shadow imp (D:8)
  A white imp (D:6)
  2 ufetubi (D:6)
  A ribbon worm (D:2)
  3 dart slugs
  16 orcs
  12 ball pythons
  5 endoplasms
  5 giant cockroaches
  5 goblins
  9 hobgoblins
  2 jackals (D:1)
  5 quokkas
  4 bats
  5 frilled lizards
  15 kobolds
  19 rats
251 creatures vanquished.

Vanquished Creatures (others)
  A kobold (D:9)
1 creature vanquished.

Grand Total: 252 creatures vanquished

Notes
Turn   | Place    | Note
-------+----------+-------------------------------------------
     0 | D:1      | Fv001 the Demonspawn Fighter began the quest for the Orb.
     0 | D:1      | Reached XP level 1. HP: 18/18 MP: 1/1
   115 | D:1      | Gained mutation: You are partially covered in large bone
                  | plates. (SH +4) [demonic ancestry]
   115 | D:1      | Reached XP level 2. HP: 24/24 MP: 2/2
   256 | D:1      | Reached skill level 2 in Axes
   368 | D:1      | You fall into a shaft and drop 1 floor!
   500 | D:2      | Reached XP level 3. HP: 17/29 MP: 3/3
  1828 | D:3      | Found a sparkling altar of Nemelex Xobeh.
  2032 | D:3      | Gained mutation: You are mostly covered in large bone
                  | plates. (SH +6) [demonic ancestry]
  2032 | D:3      | Reached XP level 4. HP: 25/35 MP: 4/4
  2034 | D:3      | Found a faded altar of an unknown god.
  2044 | D:3      | Reached skill level 3 in Axes
  2069 | D:3      | Found Xaost's Weapon Emporium.
  2122 | D:3      | Found a glowing drain.
  2158 | D:3      | Gained mutation: Spells you cast may paralyse adjacent
                  | enemies. [demonic ancestry]
  2158 | D:3      | Reached XP level 5. HP: 30/41 MP: 5/5
  2170 | Sewer    | Entered a sewer
  2499 | Sewer    | Reached skill level 4 in Axes
  2503 | Sewer    | Gained mutation: You have large cloven feet. [demonic
                  | ancestry]
  2503 | Sewer    | Reached XP level 6. HP: 38/48 MP: 6/6
  2912 | D:4      | Found a staircase to the Ecumenical Temple.
  2918 | Temple   | Entered the Ecumenical Temple
  2927 | Temple   | Became a worshipper of Qazlal Stormbringer
  3541 | D:3      | Reached skill level 1 in Dodging
  4488 | D:5      | Entered Level 5 of the Dungeon
  4521 | D:5      | Noticed an ice beast
  4527 | D:5      | Killed an ice beast
  4528 | D:5      | Reached skill level 1 in Invocations
  4528 | D:5      | Reached XP level 7. HP: 45/54 MP: 7/7
  4615 | D:5      | Reached skill level 5 in Axes
  4659 | D:5      | Reached skill level 1 in Stealth
  4716 | D:5      | Reached * piety under Qazlal
  4791 | D:5      | Noticed Edmund
  4825 | D:5      | Killed Edmund
  4931 | D:5      | Noticed Dowan
  4931 | D:5      | Noticed Duvessa
  4976 | D:6      | Found a shadowy altar of Dithmenos.
  5074 | D:6      | Gained mutation: Your demonic aura sometimes causes spilled
                  | blood to erupt in flames. [demonic ancestry]
  5074 | D:6      | Reached XP level 8. HP: 60/60 MP: 10/10
  5307 | D:6      | Reached skill level 5 in Shields
  5415 | D:6      | Reached skill level 6 in Axes
  5954 | D:6      | Reached skill level 5 in Invocations
  6352 | D:6      | Gained mutation: You have hoof-like feet. [demonic
                  | ancestry]
  6352 | D:6      | Reached XP level 9. HP: 66/66 MP: 12/12
  6609 | D:5      | Found an ancient bone altar of Kikubaaqudgha.
  6609 | D:5      | Found a radiant altar of Vehumet.
  6609 | D:5      | Noticed Blork the orc
  6614 | D:5      | Killed Blork the orc
  6830 | D:5      | Killed Duvessa
  6830 | D:5      | Killed Dowan
  6831 | D:5      | Reached skill level 7 in Axes
  6831 | D:5      | Reached skill level 5 in Armour
  6938 | D:5      | Found an iron altar of Okawaru.
  7296 | D:7      | Noticed a two-headed ogre
  7302 | D:7      | Killed a two-headed ogre
  7303 | D:7      | Reached skill level 5 in Fighting
  7508 | D:7      | Reached ** piety under Qazlal
  7514 | D:7      | Reached skill level 8 in Axes
  7771 | D:7      | Gained mutation: You have hooves in place of feet. [demonic
                  | ancestry]
  7771 | D:7      | Reached XP level 10. HP: 43/74 MP: 15/15
  8077 | D:3      | Bought a +1 vampiric broad axe for 266 gold pieces
  8346 | D:8      | Noticed Grum
  8364 | D:8      | Killed Grum
  8383 | D:8      | Found a snail-covered altar of Cheibriados.
  8387 | D:8      | Found a bloodstained altar of Trog.
  8444 | D:8      | Found a staircase to the Lair.
  8767 | D:8      | Found an ornate altar of the Wu Jian Council.
  8842 | D:8      | Noticed a red ugly thing
  8866 | D:8      | Killed a red ugly thing
  8866 | D:8      | Reached *** piety under Qazlal
  8867 | D:8      | Reached skill level 9 in Axes
  9161 | D:8      | Noticed a cyclops
  9166 | D:8      | Killed a cyclops
  9193 | D:8      | Reached XP level 11. HP: 83/83 MP: 6/17
  9247 | D:8      | Noticed a centaur warrior
  9253 | D:8      | Identified the ring "Wiqukuc" {*Corrode rPois rN+ Str+6}
  9599 | Lair:1   | Entered Level 1 of the Lair of Beasts
  9599 | Lair:1   | Noticed Amaemon
  9671 | D:9      | Noticed Erica
  9680 | D:9      | HP: 4/83 [Erica/bolt of poison (34)]
  9910 | D:9      | Found a hide-covered altar of Uskayaw.
 10105 | D:9      | Noticed a two-headed ogre
 10116 | D:9      | Killed a two-headed ogre
 10166 | D:9      | Noticed a two-headed ogre
 10181 | D:9      | Killed a two-headed ogre
 10182 | D:9      | Reached skill level 10 in Axes
 10573 | D:9      | Killed Erica
 10862 | D:10     | Entered Level 10 of the Dungeon
 10868 | D:10     | Paralysed by a hornet for 2 turns
 10876 | D:10     | Noticed a boulder beetle
 11068 | D:10     | HP: 3/83 [boulder beetle (37)]
 11069 | D:10     | Succumbed to a killer bee's poison

Illustrated notes

Levels and vault maps discovered:
D:1:      kilobyte_arrival_exit_the_forest, layout_basic
D:2:      layout_basic, serial_forest, infiniplex_forest_clump_curved,
          infiniplex_forest_lined_3_way, infiniplex_forest_corner_1,
          infiniplex_forest_clump_double, infiniplex_forest_corner_1,
          infiniplex_forest_lined_room_, infiniplex_forest_straight_3,
          chequers_hall_statues_y, minmay_distorted
D:3:      layout_loops_ring, mainiacjoe_overflow_concentric_impassable,
          dreamdust_ecumenical_altar_statues, portal_sewer_entry_b,
          serial_shops, nicolae_diamond_shop
D:4:      layout_layer_cave, minmay_temple_entry_statues
D:5:      layout_loops_corners, okawaru_trees_1,
          gammafunk_temple_overflow_pools, uniq_duvessa, uniq_blork_the_orc,
          uniq_edmund
D:6:      minmay_octagon_keep, layout_layer_cave,
          grunt_dithmenos_smoke_and_mirrors, nicolae_eternal_life,
          nicolae_grassy_gnolls
D:7:      layout_rooms
D:8:      minmay_the_grid_triangle_9x9_rhombus_full
          [minmay_the_grid_triangle_9x9_intruding_spiral,
          minmay_the_grid_triangle_9x9_sparse_checkered,
          minmay_the_grid_triangle_9x9_flanged_cone,
          minmay_the_grid_triangle_9x9_pentomino_pain,
          minmay_the_grid_triangle_9x9_stretched_checkered,
          minmay_the_grid_triangle_9x9_tough_junction,
          minmay_the_grid_triangle_9x9_shrine,
          minmay_the_grid_triangle_9x9_prize_center], layout_rooms,
          grunt_temple_overflow_diamond, kennysheep_mini, minmay_lizard_king,
          uniq_grum
D:9:      layout_basic, mainiacjoe_overflow_cross_hatched, uniq_erica
D:10:     layout_small_grid, minmay_bent, uniq_lodul
Temple:   hc_temple_tempest_star
Lair:1:   layout_misc_corridors, serial_bayou_shore_b, uniq_maggie,
          uniq_jeremiah, uniq_amaemon

Skill      XL: |  1  2  3  4  5  6  7  8  9 10 11 |
---------------+----------------------------------+-----
Axes           | 2 3 4 5 6 8 9 10 | 10.3
Shields        | 3 4 5 6 7 8 |  8.2
Armour         | 3 4 5 6 |  6.6
Fighting       | 4 5 6 |  6.9
Dodging        | 1 |  1.3
Invocations    | 1 3 5 7 9 |  9.9
Stealth        | 1 |  1.1
Evocations     | |  0.8

Action                     |  1- 3 |  4- 6 |  7- 9 | 10-12 || total
---------------------------+-------+-------+-------+-------++-------
  Melee: War axe           |   104 |   177 |   279 |       ||   560
         Kick              |       |    18 |     3 |    97 ||   118
         Broad axe         |       |       |       |   251 ||   251
 Invoke: Upheaval          |       |       |       |    10 ||    10
  Evoke: Wand              |       |     2 |     5 |     3 ||    10
    Use: Scroll            |    10 |     1 |       |     6 ||    17
         Potion            |       |     1 |       |    10 ||    11
   Stab: Invisible         |       |     3 |       |       ||     3
 Armour: Scale mail        |    69 |    80 |       |       ||   149
         Plate armour      |       |    30 |   157 |   238 ||   425
  Dodge: Dodged            |    40 |    42 |    28 |    43 ||   153
  Block: Buckler           |    47 |   129 |   260 |   310 ||   746
         Reflection        |       |       |    14 |    16 ||    30
